 Dungeon Crawl Stone Soup version 0.16-a0-3749-g20dbed2 (webtiles) character file.

432 Leibowitz the Poker (level 7, 0/54 HPs)
             Began as a Merfolk Gladiator on Jan 23, 2015.
             Succumbed to poison (a potion of poison)
             ... on level 3 of the Dungeon.
             The game lasted 00:13:06 (3304 turns).

Leibowitz the Poker (Merfolk Gladiator)             Turns: 3304, Time: 00:13:06

Health: 0/54       AC:  3    Str: 16      XL:     7   Next: 0%
Magic:  7/7        EV: 15    Int:  7      God:
Gold:   159        SH:  0    Dex: 14 (16) Spells: 0 memorised, 6 levels left

rFire  + . .     SeeInvis .     a - +0 trident
rCold  + . .     Clarity  .     b - +0 leather armour
rNeg   . . .     SustAb   .     (no shield)
rPois  +         Gourm    .     (helmet restricted)
rElec  +         Spirit   .     (no cloak)
rCorr  +         Warding  .     (no gloves)
rMut   .         Stasis   .     (no boots)
MR     .....                    (no amulet)
Stlth  +.........               (no ring)
                                (no ring)

@: lethally poisoned, resistant, not resistant to hostile enchantments, very
unstealthy
A: change form in water, swift swim, horns 2, MP-powered wands 1
a: no special abilities


You were on level 3 of the Dungeon.
You were not hungry.

You visited 1 branch of the dungeon, and saw 3 of its levels.
You also visited: Sewer.

You collected 159 gold pieces.

Inventory:

Hand weapons
 a - a +0 trident (weapon)
Missiles
 d - 2 throwing nets
 l - 2 javelins (quivered)
Armour
 b - a +0 leather armour (worn)
 c - a +0 helmet
Magical devices
 r - a wand of cold (0)
 v - a wand of teleportation (0)
Scrolls
 e - 4 scrolls of noise {unknown}
 g - 2 scrolls of random uselessness {unknown}
 i - a scroll of teleportation {unknown}
 k - a scroll of fear {unknown}
 m - a scroll of recharging {unknown}
 o - 5 scrolls of identify {unknown}
 q - a scroll of blinking {unknown}
 w - a scroll of enchant weapon {unknown}
Comestibles
 f - 2 bread rations
 j - 2 chunks of flesh
 s - a slice of pizza


   Skills:
 * Level 4.2 Fighting
 * Level 7.0 Polearms
 + Level 2.3 Throwing
 + Level 1.5 Armour
 * Level 6.2 Dodging
 + Level 1.0 Stealth


You had 6 spell levels left.
You didn't know any spells.

Dungeon Overview and Level Annotations

Branches:
Dungeon (3/15)

Altars:
Cheibriados
Nemelex Xobeh
The Shining One


Innate Abilities, Weirdness & Mutations

You revert to your normal form in water.
You are very nimble and swift while swimming.
You have a pair of horns on your head.
You expend magic power (3 MP) to slightly strengthen your wands.


Message History

It was a potion of mutation.
You feel extremely strange. A pair of horns grows on your head!
Your +0 helmet falls away!
The horns on your head grow some more.
You feel less able to contain your magic power.
* * * LOW HITPOINT WARNING * * *
You feel sick.
* * * LOW HITPOINT WARNING * * *
You feel sick.
* * * LOW HITPOINT WARNING * * *
You feel sick.
* * * LOW HITPOINT WARNING * * *
You feel sick.
* * * LOW HITPOINT WARNING * * *
You feel sick.
* * * LOW HITPOINT WARNING * * *
You feel sick.
* * * LOW HITPOINT WARNING * * *
You feel sick.
You die...

.# #...#...#......#.#..(.#
.##########...#...#......#.#....#
..........#...#...#......#.#....#
..........#...#...#......#.#....#
..........#...#...'......#.#....#
..........#...#...#......#.#....#
..........#...#...#......#.#....#
###########...#...#......#.#.....
#### #...#.@.#......+.#..... ...#
#...#...########.#..... ##.#
#...#............#..... โ‰ˆ#.#
#...#............#..... โ‰ˆรท.#
#...#########<####.....
โ‰ˆ#.########.....................#
##..#..(................).......<
[...#........#.....#.#.####.#.#..
....#........#.###...#......#.)..


There were no monsters in sight!

Vanquished Creatures
  A crocodile (Sewer)
  3 orc priests (D:3)
  Jessica (D:2)
  7 gnolls
  7 adders
  2 giant mites
  2 worms (D:1)
  An ooze (D:2)
  7 orcs (D:3)
  A ball python (D:3)
  7 giant cockroaches
  8 goblins
  8 hobgoblins
  2 jackals (Sewer)
  16 kobolds
  A quokka (D:2)
  8 bats
  5 giant geckos
  A giant newt (D:1)
  6 rats
94 creatures vanquished.

Notes
Turn   | Place    | Note
--------------------------------------------------------------
     0 | D:1      | Leibowitz, the Merfolk Gladiator, began the quest for the Orb.
     0 | D:1      | Reached XP level 1. HP: 16/16 MP: 1/1
    84 | D:1      | Reached XP level 2. HP: 22/22 MP: 2/2
    95 | D:1      | Reached skill level 5 in Polearms
   443 | D:1      | Reached XP level 3. HP: 17/28 MP: 3/3
  1000 | D:2      | Found a sparkling altar of Nemelex Xobeh.
  1334 | D:2      | Found a snail-covered altar of Cheibriados.
  1334 | D:2      | Found a glowing golden altar of the Shining One.
  1335 | D:2      | Noticed Jessica
  1350 | D:2      | Killed Jessica
  1350 | D:2      | Reached XP level 4. HP: 31/35 MP: 4/4
  1692 | D:2      | Reached skill level 5 in Dodging
  1785 | D:2      | Reached skill level 6 in Polearms
  1812 | D:2      | Reached XP level 5. HP: 28/41 MP: 5/5
  2224 | D:3      | Reached skill level 1 in Armour
  2385 | D:3      | Reached XP level 6. HP: 18/48 MP: 6/6
  2461 | D:3      | Found a glowing drain.
  2507 | Sewer    | Entered a sewer
  3066 | D:3      | Reached skill level 7 in Polearms
  3185 | D:3      | Reached skill level 1 in Stealth
  3272 | D:3      | Reached XP level 7. HP: 54/54 MP: 7/7
  3296 | D:3      | Gained mutation: You have a pair of small horns on your head. [potion of mutation]
  3296 | D:3      | Gained mutation: You have a pair of horns on your head. [potion of mutation]
  3296 | D:3      | Gained mutation: You expend magic power (3 MP) to slightly strengthen your wands. [potion of mutation]
  3300 | D:3      | HP: 2/54 [poison (a potion of poison)]
  3304 | D:3      | Succumbed to poison (a potion of poison)

Action                   |  1- 3 |  4- 6 |  7- 9 || total
-------------------------+-------+-------+-------++-------
Melee: Trident           |    93 |   236 |    12 ||   341
Throw: Throwing net      |     1 |     2 |       ||     3
       Javelin           |       |    25 |       ||    25
Evoke: Wand              |       |     1 |     1 ||     2
  Use: Potion            |       |     2 |     6 ||     8
 Stab: Sleeping          |     1 |     1 |       ||     2
       Held in net/web   |       |     2 |       ||     2
  Eat: Chunk             |     1 |     7 |       ||     8
